Jets vs Blues

Created - October-09-14 at 17:09

Goals
1 2 3 OT1 T
Jets 2 0 1 1 4
Blues 1 1 1 0 3
Shots
1 2 3 OT1 T
Jets 11 6 9 1 27
Blues 12 7 17 5 41

1st period

1. Blues , Jussi Jokinen 1 (Matt Irwin, Alex Tanguay) at 2:08
2. Jets , Andre Benoit 1 (Jason Garrison, Martin St. Louis) at 6:18 (PP)
3. Jets , Martin St. Louis 1 (Joe Pavelski, Nicklas Grossmann) at 16:21

Penalties :
Troy Brouwer (WPG) for Slashing (Minor) at 3:52, Mike Fisher (STL) for Roughing (Minor) at 5:22

2nd period

4. Blues , Mike Fisher 1 (Matt Irwin, David Jones) at 13:06

Penalties :
Mike Fisher (STL) for Holding (Minor) at 3:34, Mike Weaver (STL) for Hooking (Minor) at 7:20, Carl Gunnarsson (STL) for Holding (Minor) at 16:06

3rd period

5. Jets , Jamie Benn 1 (Andre Benoit, Anders Lee) at 8:12
6. Blues , Jiri Hudler 1 (Mike Fisher, Niklas Kronwall) at 11:17

Penalties :
Carl Gunnarsson (STL) for Cross-checking (Minor) at 0:15, Carl Gunnarsson (STL) for Roughing (Minor) at 4:53, Kimmo Timonen (WPG) for Charging (Minor) at 13:14, Jonathan Ericsson (WPG) for Hooking (Minor) at 14:54, Troy Brouwer (WPG) for Hooking (Minor) at 19:52

Overtime #1

7. Jets , Martin St. Louis 2 (Kimmo Timonen, Joe Pavelski) at 3:46

Penalties :
No Penalty

Goalie Stats

Cory Schneider (WPG), 38 saves from 41 shots - (0.927), W, 1-1-0, 63:47 minutes
Sergei Bobrovsky (STL), 23 saves from 27 shots - (0.852), OTL, 0-0-1, 63:47 minutes

Players Stats for Jets

Player Name              G  A  P  +/- PIM S  H  SB GA TA FO     MP     PP MP  PK MP  
------------------------------------------------------------------------------------
Anders Lee               0  1  1  -1  0   1  1  0  0  0  0/1    20:19   4:54   0:00 
Andre Benoit             1  1  2   0  0   3  0  3  0  0  0/0    25:04   4:41   3:35 
Boyd Gordon              0  0  0   0  0   0  0  0  0  0  8/13   10:10   0:00   5:21 
Connor Murphy            0  0  0  -1  0   2  3  2  0  0  0/0    25:58   5:05   2:13 
Corey Perry              0  0  0  -1  0   6  2  0  0  0  0/2    22:12   5:28   0:00 
Jamie Benn               1  0  1  -1  0   2  2  0  0  0  21/33  23:59   5:28   1:47 
Jason Garrison           0  1  1   1  0   1  1  0  0  0  0/0    17:00   4:41   1:30 
Joe Pavelski             0  2  2   1  0   1  0  0  0  0  15/27  21:16   4:48   0:00 
Jonathan Ericsson        0  0  0   0  2   0  2  0  0  0  0/0    20:53   0:36   3:29 
Josh Bailey              0  0  0   0  0   1  0  1  0  0  0/0     8:54   0:00   0:00 
Kimmo Timonen            0  1  1  -1  2   0  1  2  0  0  0/0    27:44   5:41   3:24 
Martin St. Louis         2  1  3   1  0   5  0  0  0  0  0/2    21:48   4:54   1:04 
Matt Read                0  0  0   0  0   2  0  0  0  0  0/3    17:38   0:40   3:53 
Nate Schmidt             0  0  0   0  0   1  0  0  0  0  0/0     6:05   0:00   0:00 
Nick Bonino              0  0  0   0  0   1  1  0  0  0  13/18  13:48   4:54   0:00 
Nicklas Grossmann        0  1  1   1  0   0  0  0  0  0  0/0     4:48   0:00   0:04 
Pascal Dupuis            0  0  0   0  0   0  0  0  0  0  0/0     4:49   0:00   0:00 
Troy Brouwer             0  0  0   0  4   1  4  0  0  0  1/3    14:43   0:00   0:00 

Players Stats for Blues

Player Name              G  A  P  +/- PIM S  H  SB GA TA FO     MP     PP MP  PK MP  
------------------------------------------------------------------------------------
Alex Tanguay             0  1  1   0  0   2  1  0  0  0  0/2    15:52   3:15   0:00 
Antoine Vermette         0  0  0   0  0   3  2  0  0  0  2/5    25:11   2:01   5:58 
Carl Gunnarsson          0  0  0   1  6   3  2  0  0  0  0/0    21:46   2:01   2:51 
Dan Hamhuis              0  0  0   1  0   5  1  0  0  0  0/0    25:26   3:15   5:19 
David Jones              0  1  1   1  0   4  0  0  0  0  0/0     4:26   0:00   0:00 
Jeff Petry               0  0  0  -3  0   0  1  2  0  0  0/0    20:53   0:00   7:01 
Jiri Hudler              1  0  1   0  0   4  0  0  0  0  2/9    18:53   3:15   1:08 
Jussi Jokinen            1  0  1   0  0   5  0  0  0  0  11/29  21:30   2:01   4:24 
Kevin Klein              0  0  0   0  0   0  1  0  0  0  0/0     6:00   0:00   3:21 
Lee Stempniak            0  0  0  -1  0   1  3  0  0  0  0/0    17:01   3:15   0:00 
Marcus Foligno           0  0  0   1  0   0  0  0  0  0  0/1     4:26   0:00   0:00 
Matt Irwin               0  2  2   2  0   3  5  1  0  0  0/0    16:42   2:01   0:00 
Michael Frolik           0  0  0   0  0   6  0  0  0  0  0/0    12:42   0:00   0:00 
Mike Fisher              1  1  2   0  4   1  5  2  0  0  22/34  26:27   2:00   4:06 
Mike Ribeiro             0  0  0   0  0   0  0  0  0  0  7/21   17:36   0:00   5:08 
Mike Weaver              0  0  0  -2  2   0  5  0  0  0  0/0    11:40   0:00   0:00 
Niklas Kronwall          0  1  1   1  0   3  2  1  0  0  0/0    25:03   3:15   2:12 
R.J. Umberger            0  0  0   0  0   1  2  0  0  0  0/1    12:37   0:00   0:00 

3 Stars

1 - Martin St. Louis (WPG)
2 - Matt Irwin (STL)
3 - Andre Benoit (WPG)

Power Play

Jets - 1 on 6 Attempt(s) - 16.67%
Blues - 0 on 4 Attempt(s) - 0.00%

Penalty Kill

Jets - 4 on 4 Attempt(s) - 100.00% - Score 0 goal in Penalty Kill
Blues - 5 on 6 Attempt(s) - 83.33% - Score 0 goal in Penalty Kill

Official

Referees : Jean Hebert and Wes McCauley
Linesman : Ryan Galloway and Andy McElman

Game Notes

No Game Note

Finance

Level 1 -- Attendance: 6427 (98.88%) -- Ticket Income $694,116
Level 2 -- Attendance: 3958 (79.16%) -- Ticket Income $316,640
Level 3 -- Attendance: 3340 (95.43%) -- Ticket Income $126,920
Level 4 -- Attendance: 2686 (88.88%) -- Ticket Income $67,150
Luxury Box -- Attendance: 997 (99.70%) -- Ticket Income $219,340
Game was played at the Scottrade Center
Total Attendance: 17408 (91.52%)
Total Ticket Income: $1,424,166
Other Income: $213,625
Total Income: $1,637,791

% Time on Ice - Jets

Lines # - Real PCT - Wanted PCT - Time Play
Normal Forward
1 - 35% - 40% - 15:25
2 - 34% - 35% - 14:45
3 - 20% - 19% - 8:54
4 - 11% - 6% - 4:49
Normal Defense
1 - 39% - 43% - 17:13
2 - 36% - 34% - 15:51
3 - 14% - 13% - 6:05
4 - 11% - 10% - 4:44
PP Forward
1 - 53% - 60% - 5:28
2 - 47% - 40% - 4:54
PP Defense
1 - 55% - 70% - 5:41
2 - 45% - 30% - 4:41
PK Forward
1 - 100% - 75% - 4:57
2 - 0% - 25% - 0:00
PK Defense
1 - 81% - 60% - 4:01
2 - 19% - 40% - 0:56
PK3 Forward
1 - 100% - 70% - 2:11
2 - 0% - 30% - 0:00
PK3 Defense
1 - 60% - 60% - 1:18
2 - 40% - 40% - 0:53
44 Forward
1 - 55% - 51% - 1:19
2 - 45% - 49% - 1:05
44 Defense
1 - 60% - 51% - 1:27
2 - 40% - 49% - 0:57
Last Minute Offensive  - 0:00
Last Minute Defensive  - 0:00
Total
Forward - 63:47
Defense - 63:47

% Time on Ice - Blues

Lines # - Real PCT - Wanted PCT - Time Play
Normal Forward
1 - 33% - 32% - 14:30
2 - 29% - 30% - 12:37
3 - 28% - 28% - 12:20
4 - 10% - 10% - 4:26
Normal Defense
1 - 34% - 33% - 14:52
2 - 33% - 32% - 14:41
3 - 27% - 26% - 11:41
4 - 6% - 9% - 2:39
PP Forward
1 - 38% - 50% - 2:01
2 - 62% - 50% - 3:15
PP Defense
1 - 62% - 60% - 3:15
2 - 38% - 40% - 2:01
PK Forward
1 - 58% - 50% - 5:58
2 - 42% - 50% - 4:24
PK Defense
1 - 68% - 60% - 7:01
2 - 32% - 40% - 3:21
PK3 Forward
1 - 0% - 55%
2 - 0% - 45%
PK3 Defense
1 - 0% - 60%
2 - 0% - 40%
44 Forward
1 - 66% - 58% - 2:50
2 - 34% - 42% - 1:26
44 Defense
1 - 49% - 60% - 2:05
2 - 51% - 40% - 2:11
Last Minute Offensive  - 0:00
Last Minute Defensive  - 0:00
Total
Forward - 63:47
Defense - 63:47

Play by Play

1st period


0:01 of 1st period - Jamie Benn wins face-off versus Mike Fisher in neutral zone.
0:20 of 1st period - Shot by Corey Perry.
0:20 of 1st period - Stopped by Sergei Bobrovsky without a rebound.
0:21 of 1st period - Jussi Jokinen wins face-off versus Joe Pavelski in Blues zone.
0:30 of 1st period - Shot by Jussi Jokinen.
0:30 of 1st period - Stopped by Cory Schneider without a rebound.
0:31 of 1st period - Nick Bonino wins face-off versus Mike Ribeiro in Jets zone.
1:58 of 1st period - Shot by R.J. Umberger.
1:58 of 1st period - Stopped by Cory Schneider with a rebound.
2:00 of 1st period - Shot by R.J. Umberger.
2:00 of 1st period - Shot Misses the Net.
2:02 of 1st period - Shot by Alex Tanguay.
2:02 of 1st period - Shot Misses the Net.
2:08 of 1st period - Shot by Jussi Jokinen.
2:08 of 1st period - Goal by Jussi Jokinen - Jets : 0 - Blues : 1.
2:09 of 1st period - Mike Fisher wins face-off versus Jamie Benn in neutral zone.
2:32 of 1st period - Icing by Jiri Hudler.
2:33 of 1st period - Mike Fisher wins face-off versus Boyd Gordon in Blues zone.
2:39 of 1st period - Jason Garrison is hit by Antoine Vermette and loses puck.
2:44 of 1st period - Shot by Carl Gunnarsson.
2:44 of 1st period - Shot Misses the Net.
2:48 of 1st period - Shot by Jiri Hudler.
2:48 of 1st period - Stopped by Cory Schneider without a rebound.
2:49 of 1st period - Jussi Jokinen wins face-off versus Jamie Benn in Jets zone.
3:02 of 1st period - Shot by Dan Hamhuis.
3:02 of 1st period - Stopped by Cory Schneider without a rebound.
3:03 of 1st period - Mike Fisher wins face-off versus Troy Brouwer in Jets zone.
3:04 of 1st period - Shot by Niklas Kronwall.
3:04 of 1st period - Stopped by Cory Schneider with a rebound.
3:12 of 1st period - Shot by Mike Fisher.
3:12 of 1st period - Deflect By David Jones.
3:12 of 1st period - Stopped by Cory Schneider without a rebound.
3:13 of 1st period - Jamie Benn wins face-off versus Jiri Hudler in Jets zone.
3:13 of 1st period - Jamie Benn is hit by Mike Fisher.
3:34 of 1st period - Mike Fisher is hit by Corey Perry and loses puck.
3:49 of 1st period - Shot by Corey Perry.
3:49 of 1st period - Stopped by Sergei Bobrovsky without a rebound.
3:50 of 1st period - Joe Pavelski wins face-off versus Jussi Jokinen in Blues zone.
3:51 of 1st period - Shot by Andre Benoit.
3:51 of 1st period - Stopped by Sergei Bobrovsky without a rebound.
3:52 of 1st period - Mike Ribeiro wins face-off versus Joe Pavelski in Blues zone.
3:52 of 1st period - Minor Penalty to Troy Brouwer for Slashing.
3:53 of 1st period - Boyd Gordon wins face-off versus Jiri Hudler in Jets zone.
3:53 of 1st period - Boyd Gordon is hit by Lee Stempniak.
4:10 of 1st period - Icing by Niklas Kronwall.
4:11 of 1st period - Boyd Gordon wins face-off versus Jiri Hudler in Blues zone.
4:35 of 1st period - Shot by Jiri Hudler.
4:35 of 1st period - Shot Blocked by Andre Benoit.
4:37 of 1st period - Shot by Alex Tanguay.
4:37 of 1st period - Shot Misses the Net.
4:53 of 1st period - Shot by Matt Read.
4:53 of 1st period - Stopped by Sergei Bobrovsky without a rebound.
4:54 of 1st period - Boyd Gordon wins face-off versus Jussi Jokinen in Blues zone.
4:58 of 1st period - Boyd Gordon is hit by Carl Gunnarsson and loses puck.
5:22 of 1st period - Minor Penalty to Mike Fisher for Roughing.
5:23 of 1st period - Jamie Benn wins face-off versus Antoine Vermette in Blues zone.
5:28 of 1st period - Shot by Corey Perry.
5:28 of 1st period - Shot Misses the Net.
5:52 of 1st period - Shot by Corey Perry.
5:52 of 1st period - Shot Blocked by Jeff Petry.
6:16 of 1st period - Shot by Andre Benoit.
6:16 of 1st period - Shot Misses the Net.
6:18 of 1st period - Shot by Andre Benoit.
6:18 of 1st period - Goal by Andre Benoit - Jets : 1 - Blues : 1.
6:19 of 1st period - Mike Fisher wins face-off versus Joe Pavelski in neutral zone.
6:33 of 1st period - Mike Fisher is hit by Jonathan Ericsson and loses puck.
6:44 of 1st period - Shot by Mike Fisher.
6:44 of 1st period - Shot Misses the Net.
7:00 of 1st period - Shot by Mike Fisher.
7:00 of 1st period - Shot Blocked by Andre Benoit.
7:02 of 1st period - Shot by David Jones.
7:02 of 1st period - Stopped by Cory Schneider without a rebound.
7:03 of 1st period - Jussi Jokinen wins face-off versus Jamie Benn in Jets zone.
7:04 of 1st period - Shot by Alex Tanguay.
7:04 of 1st period - Stopped by Cory Schneider without a rebound.
7:05 of 1st period - Jussi Jokinen wins face-off versus Corey Perry in Jets zone.
7:09 of 1st period - Icing by Connor Murphy.
7:10 of 1st period - Jamie Benn wins face-off versus Mike Ribeiro in Jets zone.
7:30 of 1st period - Icing by Kimmo Timonen.
7:31 of 1st period - Jamie Benn wins face-off versus Jussi Jokinen in Jets zone.
7:41 of 1st period - Icing by Jamie Benn.
7:42 of 1st period - Jamie Benn wins face-off versus Jiri Hudler in Jets zone.
8:06 of 1st period - Shot by Corey Perry.
8:06 of 1st period - Deflect By Jamie Benn.
8:06 of 1st period - Stopped by Sergei Bobrovsky with a rebound.
8:40 of 1st period - Alex Tanguay is hit by Troy Brouwer and loses puck.
8:59 of 1st period - Shot by Alex Tanguay.
8:59 of 1st period - Deflect By Jussi Jokinen.
8:59 of 1st period - Stopped by Cory Schneider without a rebound.
9:00 of 1st period - Nick Bonino wins face-off versus Mike Ribeiro in Jets zone.
9:30 of 1st period - Shot by Josh Bailey.
9:30 of 1st period - Stopped by Sergei Bobrovsky without a rebound.
9:31 of 1st period - Jamie Benn wins face-off versus R.J. Umberger in Blues zone.
9:45 of 1st period - Icing by Kimmo Timonen.
9:46 of 1st period - Jamie Benn wins face-off versus Mike Fisher in Jets zone.
10:23 of 1st period - Shot by Corey Perry.
10:23 of 1st period - Stopped by Sergei Bobrovsky without a rebound.
10:24 of 1st period - Mike Ribeiro wins face-off versus Joe Pavelski in Blues zone.
10:29 of 1st period - Shot by Niklas Kronwall.
10:29 of 1st period - Shot Misses the Net.
10:31 of 1st period - Shot by Michael Frolik.
10:31 of 1st period - Stopped by Cory Schneider without a rebound.
10:32 of 1st period - Joe Pavelski wins face-off versus Jussi Jokinen in Jets zone.
10:34 of 1st period - Icing by Troy Brouwer.
10:35 of 1st period - Joe Pavelski wins face-off versus Jussi Jokinen in Jets zone.
11:02 of 1st period - Shot by Joe Pavelski.
11:02 of 1st period - Stopped by Sergei Bobrovsky without a rebound.
11:03 of 1st period - Nick Bonino wins face-off versus Mike Ribeiro in Blues zone.
11:09 of 1st period - Josh Bailey is hit by Matt Irwin and loses puck.
11:23 of 1st period - Icing by Connor Murphy.
11:24 of 1st period - Nick Bonino wins face-off versus Jussi Jokinen in Jets zone.
11:24 of 1st period - Nick Bonino is hit by Alex Tanguay.
11:49 of 1st period - Niklas Kronwall is hit by Connor Murphy and loses puck.
12:34 of 1st period - Shot by Michael Frolik.
12:34 of 1st period - Stopped by Cory Schneider without a rebound.
12:35 of 1st period - Mike Fisher wins face-off versus Joe Pavelski in Jets zone.
12:40 of 1st period - Shot by Mike Fisher.
12:40 of 1st period - Shot Misses the Net.
13:03 of 1st period - Shot by Joe Pavelski.
13:03 of 1st period - Shot Blocked by Mike Fisher.
14:47 of 1st period - Shot by Corey Perry.
14:47 of 1st period - Shot Misses the Net.
15:05 of 1st period - Connor Murphy is hit by R.J. Umberger and loses puck.
15:09 of 1st period - Icing by Connor Murphy.
15:10 of 1st period - Jamie Benn wins face-off versus Jussi Jokinen in Jets zone.
16:19 of 1st period - Shot by Joe Pavelski.
16:19 of 1st period - Shot Misses the Net.
16:21 of 1st period - Shot by Martin St. Louis.
16:21 of 1st period - Goal by Martin St. Louis - Jets : 2 - Blues : 1.
16:22 of 1st period - Nick Bonino wins face-off versus Marcus Foligno in neutral zone.
16:22 of 1st period - Andre Benoit is hit by Mike Fisher and loses puck.
17:00 of 1st period - Icing by David Jones.
17:01 of 1st period - Jamie Benn wins face-off versus Mike Fisher in Blues zone.
17:01 of 1st period - Kimmo Timonen is hit by Mike Weaver and loses puck.
17:13 of 1st period - Corey Perry is hit by Mike Weaver and loses puck.
18:26 of 1st period - Shot by Joe Pavelski.
18:26 of 1st period - Shot Misses the Net.
18:29 of 1st period - Icing by Dan Hamhuis.
18:30 of 1st period - Jussi Jokinen wins face-off versus Nick Bonino in Blues zone.
18:43 of 1st period - Shot by Dan Hamhuis.
18:43 of 1st period - Shot Blocked by Josh Bailey.
19:35 of 1st period - Shot by Nate Schmidt.
19:35 of 1st period - Stopped by Sergei Bobrovsky without a rebound.
19:36 of 1st period - Joe Pavelski wins face-off versus Mike Fisher in Blues zone.
19:36 of 1st period - Joe Pavelski is hit by Matt Irwin.
Goals for this period are 2 for Jets vs 1 for Blues.
Shots for this period are 11 for Jets vs 12 for Blues.

2nd period


0:01 of 2nd period - Mike Fisher wins face-off versus Jamie Benn in neutral zone.
1:01 of 2nd period - Michael Frolik is hit by Jamie Benn and loses puck.
1:16 of 2nd period - Shot by Michael Frolik.
1:16 of 2nd period - Stopped by Cory Schneider without a rebound.
1:17 of 2nd period - Joe Pavelski wins face-off versus Alex Tanguay in Jets zone.
1:17 of 2nd period - Joe Pavelski is hit by R.J. Umberger.
1:33 of 2nd period - Shot by Troy Brouwer.
1:33 of 2nd period - Shot Misses the Net.
1:38 of 2nd period - Joe Pavelski is hit by Mike Weaver and loses puck.
1:44 of 2nd period - Martin St. Louis is hit by Mike Weaver and loses puck.
1:52 of 2nd period - Martin St. Louis is hit by Mike Weaver and loses puck.
3:31 of 2nd period - Icing by Kimmo Timonen.
3:32 of 2nd period - Mike Fisher wins face-off versus Boyd Gordon in Jets zone.
3:34 of 2nd period - Minor Penalty to Mike Fisher for Holding.
3:35 of 2nd period - Jiri Hudler wins face-off versus Nick Bonino in Blues zone.
3:35 of 2nd period - Jiri Hudler is hit by Nick Bonino.
3:57 of 2nd period - Shot by Martin St. Louis.
3:57 of 2nd period - Stopped by Sergei Bobrovsky without a rebound.
3:58 of 2nd period - Joe Pavelski wins face-off versus Mike Ribeiro in Blues zone.
5:06 of 2nd period - Icing by Anders Lee.
5:07 of 2nd period - Nick Bonino wins face-off versus Mike Ribeiro in Jets zone.
5:34 of 2nd period - Off-side.
5:35 of 2nd period - Boyd Gordon wins face-off versus Mike Fisher in neutral zone.
5:46 of 2nd period - Shot by Matt Read.
5:46 of 2nd period - Shot Misses the Net.
6:51 of 2nd period - Icing by Jeff Petry.
6:52 of 2nd period - Jamie Benn wins face-off versus Jussi Jokinen in Blues zone.
7:20 of 2nd period - Minor Penalty to Mike Weaver for Hooking.
7:21 of 2nd period - Mike Fisher wins face-off versus Nick Bonino in Blues zone.
8:17 of 2nd period - Mike Fisher is hit by Jamie Benn and loses puck.
8:30 of 2nd period - Shot by Corey Perry.
8:30 of 2nd period - Shot Misses the Net.
8:32 of 2nd period - Shot by Connor Murphy.
8:32 of 2nd period - Stopped by Sergei Bobrovsky without a rebound.
8:33 of 2nd period - Jussi Jokinen wins face-off versus Joe Pavelski in Blues zone.
9:04 of 2nd period - Shot by Corey Perry.
9:04 of 2nd period - Shot Misses the Net.
9:27 of 2nd period - Matt Read is hit by Matt Irwin and loses puck.
9:42 of 2nd period - Shot by Matt Read.
9:42 of 2nd period - Stopped by Sergei Bobrovsky with a rebound.
9:44 of 2nd period - Shot by Matt Read.
9:44 of 2nd period - Shot Misses the Net.
11:02 of 2nd period - Shot by Jussi Jokinen.
11:02 of 2nd period - Stopped by Cory Schneider without a rebound.
11:03 of 2nd period - Jamie Benn wins face-off versus Mike Fisher in Jets zone.
11:15 of 2nd period - Jamie Benn is hit by Niklas Kronwall and loses puck.
11:26 of 2nd period - Jamie Benn is hit by Mike Fisher and loses puck.
11:41 of 2nd period - Shot by Niklas Kronwall.
11:41 of 2nd period - Shot Blocked by Kimmo Timonen.
12:24 of 2nd period - Shot by Jussi Jokinen.
12:24 of 2nd period - Shot Misses the Net.
12:26 of 2nd period - Shot by R.J. Umberger.
12:26 of 2nd period - Shot Misses the Net.
12:28 of 2nd period - Shot by Jussi Jokinen.
12:28 of 2nd period - Shot Misses the Net.
13:04 of 2nd period - Shot by Matt Irwin.
13:04 of 2nd period - Stopped by Cory Schneider with a rebound.
13:06 of 2nd period - Shot by Mike Fisher.
13:06 of 2nd period - Goal by Mike Fisher - Jets : 2 - Blues : 2.
13:07 of 2nd period - Joe Pavelski wins face-off versus Mike Ribeiro in neutral zone.
13:26 of 2nd period - Carl Gunnarsson is hit by Troy Brouwer and loses puck.
13:36 of 2nd period - Icing by Michael Frolik.
13:37 of 2nd period - Nick Bonino wins face-off versus Mike Ribeiro in Blues zone.
14:07 of 2nd period - Icing by Nicklas Grossmann.
14:08 of 2nd period - Nick Bonino wins face-off versus Mike Fisher in Jets zone.
14:08 of 2nd period - Nick Bonino is hit by Mike Fisher.
15:08 of 2nd period - Shot by Martin St. Louis.
15:08 of 2nd period - Shot Misses the Net.
16:06 of 2nd period - Minor Penalty to Carl Gunnarsson for Holding.
16:07 of 2nd period - Mike Fisher wins face-off versus Matt Read in Blues zone.
16:28 of 2nd period - Shot by Corey Perry.
16:28 of 2nd period - Shot Misses the Net.
16:30 of 2nd period - Shot by Matt Read.
16:30 of 2nd period - Shot Misses the Net.
16:39 of 2nd period - Corey Perry is hit by Kevin Klein and loses puck.
16:46 of 2nd period - Shot by Corey Perry.
16:46 of 2nd period - Stopped by Sergei Bobrovsky without a rebound.
16:47 of 2nd period - Jussi Jokinen wins face-off versus Nick Bonino in Blues zone.
17:10 of 2nd period - Off-side.
17:11 of 2nd period - Joe Pavelski wins face-off versus Jussi Jokinen in neutral zone.
17:22 of 2nd period - Shot by Joe Pavelski.
17:22 of 2nd period - Shot Misses the Net.
17:39 of 2nd period - Icing by Joe Pavelski.
17:40 of 2nd period - Joe Pavelski wins face-off versus Mike Fisher in Jets zone.
17:40 of 2nd period - Joe Pavelski is hit by Antoine Vermette.
18:14 of 2nd period - Shot by Nick Bonino.
18:14 of 2nd period - Stopped by Sergei Bobrovsky without a rebound.
18:15 of 2nd period - Nick Bonino wins face-off versus Mike Ribeiro in Blues zone.
18:19 of 2nd period - Icing by Lee Stempniak.
18:20 of 2nd period - Nick Bonino wins face-off versus Mike Ribeiro in Blues zone.
18:29 of 2nd period - Shot by Michael Frolik.
18:29 of 2nd period - Stopped by Cory Schneider without a rebound.
18:30 of 2nd period - Mike Fisher wins face-off versus Matt Read in Jets zone.
18:31 of 2nd period - Shot by Jiri Hudler.
18:31 of 2nd period - Stopped by Cory Schneider with a rebound.
18:39 of 2nd period - Shot by Antoine Vermette.
18:39 of 2nd period - Stopped by Cory Schneider without a rebound.
18:40 of 2nd period - Jamie Benn wins face-off versus Mike Fisher in Jets zone.
19:22 of 2nd period - Jamie Benn is hit by Niklas Kronwall and loses puck.
19:25 of 2nd period - Shot by Corey Perry.
19:25 of 2nd period - Stopped by Sergei Bobrovsky without a rebound.
19:26 of 2nd period - Troy Brouwer wins face-off versus Jussi Jokinen in Blues zone.
19:40 of 2nd period - Martin St. Louis is hit by Dan Hamhuis and loses puck.
19:43 of 2nd period - Shot by Troy Brouwer.
19:43 of 2nd period - Shot Misses the Net.
19:56 of 2nd period - Martin St. Louis is hit by Matt Irwin and loses puck.
Goals for this period are 0 for Jets vs 1 for Blues.
Shots for this period are 6 for Jets vs 7 for Blues.

3rd period


0:01 of 3rd period - Jamie Benn wins face-off versus Mike Fisher in neutral zone.
0:15 of 3rd period - Minor Penalty to Carl Gunnarsson for Cross-checking.
0:16 of 3rd period - Jussi Jokinen wins face-off versus Joe Pavelski in Blues zone.
0:22 of 3rd period - Icing by Joe Pavelski.
0:23 of 3rd period - Joe Pavelski wins face-off versus Jussi Jokinen in Jets zone.
0:37 of 3rd period - Shot by Connor Murphy.
0:37 of 3rd period - Shot Misses the Net.
0:39 of 3rd period - Shot by Jamie Benn.
0:39 of 3rd period - Deflect By Corey Perry.
0:39 of 3rd period - Stopped by Sergei Bobrovsky without a rebound.
0:40 of 3rd period - Nick Bonino wins face-off versus Jussi Jokinen in Blues zone.
1:19 of 3rd period - Shot by Nick Bonino.
1:19 of 3rd period - Shot Misses the Net.
1:21 of 3rd period - Shot by Jason Garrison.
1:21 of 3rd period - Stopped by Sergei Bobrovsky without a rebound.
1:22 of 3rd period - Jussi Jokinen wins face-off versus Corey Perry in Blues zone.
1:28 of 3rd period - Icing by Kimmo Timonen.
1:29 of 3rd period - Jussi Jokinen wins face-off versus Joe Pavelski in Jets zone.
2:41 of 3rd period - Shot by Nick Bonino.
2:41 of 3rd period - Shot Misses the Net.
3:04 of 3rd period - Off-side.
3:05 of 3rd period - Joe Pavelski wins face-off versus Jiri Hudler in neutral zone.
3:05 of 3rd period - Joe Pavelski is hit by Mike Fisher.
3:23 of 3rd period - Shot by Martin St. Louis.
3:23 of 3rd period - Deflect By Joe Pavelski.
3:23 of 3rd period - Shot Misses the Net.
3:26 of 3rd period - Icing by Antoine Vermette.
3:27 of 3rd period - Jamie Benn wins face-off versus Antoine Vermette in Blues zone.
3:27 of 3rd period - Jamie Benn is hit by Matt Irwin.
3:32 of 3rd period - Icing by Dan Hamhuis.
3:33 of 3rd period - Mike Fisher wins face-off versus Jamie Benn in Blues zone.
3:37 of 3rd period - Off-side.
3:38 of 3rd period - Mike Ribeiro wins face-off versus Jamie Benn in neutral zone.
3:54 of 3rd period - Mike Ribeiro is hit by Kimmo Timonen and loses puck.
4:04 of 3rd period - Lee Stempniak is hit by Connor Murphy and loses puck.
4:07 of 3rd period - Shot by Carl Gunnarsson.
4:07 of 3rd period - Stopped by Cory Schneider without a rebound.
4:08 of 3rd period - Mike Fisher wins face-off versus Joe Pavelski in Jets zone.
4:24 of 3rd period - Shot by Mike Fisher.
4:24 of 3rd period - Shot Misses the Net.
4:42 of 3rd period - Shot by Joe Pavelski.
4:42 of 3rd period - Shot Blocked by Mike Fisher.
4:44 of 3rd period - Shot by Martin St. Louis.
4:44 of 3rd period - Shot Misses the Net.
4:46 of 3rd period - Shot by Joe Pavelski.
4:46 of 3rd period - Shot Hit the Post.
4:48 of 3rd period - Shot by Joe Pavelski.
4:48 of 3rd period - Shot Blocked by Matt Irwin.
4:50 of 3rd period - Shot by Martin St. Louis.
4:50 of 3rd period - Stopped by Sergei Bobrovsky without a rebound.
4:51 of 3rd period - Jamie Benn wins face-off versus Mike Ribeiro in Blues zone.
4:53 of 3rd period - Minor Penalty to Carl Gunnarsson for Roughing.
4:54 of 3rd period - Joe Pavelski wins face-off versus Jussi Jokinen in Blues zone.
4:57 of 3rd period - Shot by Connor Murphy.
4:57 of 3rd period - Stopped by Sergei Bobrovsky without a rebound.
4:58 of 3rd period - Nick Bonino wins face-off versus Jussi Jokinen in Blues zone.
6:55 of 3rd period - Shot by Mike Fisher.
6:55 of 3rd period - Deflect By David Jones.
6:55 of 3rd period - Stopped by Cory Schneider without a rebound.
6:56 of 3rd period - Mike Fisher wins face-off versus Matt Read in Jets zone.
6:58 of 3rd period - Jiri Hudler is hit by Jason Garrison and loses puck.
7:33 of 3rd period - Shot by Antoine Vermette.
7:33 of 3rd period - Stopped by Cory Schneider without a rebound.
7:34 of 3rd period - Mike Ribeiro wins face-off versus Martin St. Louis in Jets zone.
7:43 of 3rd period - Shot by Lee Stempniak.
7:43 of 3rd period - Shot Blocked by Connor Murphy.
7:50 of 3rd period - Off-side.
7:51 of 3rd period - Jamie Benn wins face-off versus Jussi Jokinen in neutral zone.
8:02 of 3rd period - Shot by Jamie Benn.
8:02 of 3rd period - Shot Blocked by Jeff Petry.
8:05 of 3rd period - Corey Perry is hit by Jeff Petry and loses puck.
8:08 of 3rd period - Shot by Corey Perry.
8:08 of 3rd period - Shot Misses the Net.
8:10 of 3rd period - Shot by Anders Lee.
8:10 of 3rd period - Stopped by Sergei Bobrovsky with a rebound.
8:12 of 3rd period - Shot by Andre Benoit.
8:12 of 3rd period - Deflect By Jamie Benn.
8:12 of 3rd period - Goal by Jamie Benn - Jets : 3 - Blues : 2.
8:13 of 3rd period - Mike Fisher wins face-off versus Martin St. Louis in neutral zone.
8:44 of 3rd period - Shot by Martin St. Louis.
8:44 of 3rd period - Stopped by Sergei Bobrovsky without a rebound.
8:45 of 3rd period - Mike Ribeiro wins face-off versus Jamie Benn in Blues zone.
8:47 of 3rd period - Dan Hamhuis is hit by Corey Perry and loses puck.
9:17 of 3rd period - Matt Irwin is hit by Anders Lee and loses puck.
9:22 of 3rd period - Shot by Jamie Benn.
9:22 of 3rd period - Deflect By Corey Perry.
9:22 of 3rd period - Shot Misses the Net.
9:24 of 3rd period - Shot by Andre Benoit.
9:24 of 3rd period - Stopped by Sergei Bobrovsky without a rebound.
9:25 of 3rd period - Mike Fisher wins face-off versus Joe Pavelski in Blues zone.
9:56 of 3rd period - Shot by Joe Pavelski.
9:56 of 3rd period - Shot Misses the Net.
9:58 of 3rd period - Shot by Troy Brouwer.
9:58 of 3rd period - Stopped by Sergei Bobrovsky without a rebound.
9:59 of 3rd period - Nick Bonino wins face-off versus Jussi Jokinen in Blues zone.
11:01 of 3rd period - Icing by Niklas Kronwall.
11:02 of 3rd period - Mike Fisher wins face-off versus Jamie Benn in Blues zone.
11:15 of 3rd period - Shot by Jiri Hudler.
11:15 of 3rd period - Shot Misses the Net.
11:17 of 3rd period - Shot by Mike Fisher.
11:17 of 3rd period - Deflect By Jiri Hudler.
11:17 of 3rd period - Goal by Jiri Hudler - Jets : 3 - Blues : 3.
11:18 of 3rd period - Joe Pavelski wins face-off versus Mike Ribeiro in neutral zone.
11:26 of 3rd period - Off-side.
11:27 of 3rd period - Mike Fisher wins face-off versus Jamie Benn in neutral zone.
11:46 of 3rd period - Shot by Jiri Hudler.
11:46 of 3rd period - Stopped by Cory Schneider without a rebound.
11:47 of 3rd period - Mike Ribeiro wins face-off versus Troy Brouwer in Jets zone.
11:47 of 3rd period - Mike Ribeiro is hit by Jonathan Ericsson.
11:57 of 3rd period - Shot by Michael Frolik.
11:57 of 3rd period - Stopped by Cory Schneider without a rebound.
11:58 of 3rd period - Mike Fisher wins face-off versus Anders Lee in Jets zone.
12:01 of 3rd period - Shot by Jiri Hudler.
12:01 of 3rd period - Deflect By Antoine Vermette.
12:01 of 3rd period - Shot Misses the Net.
12:03 of 3rd period - Shot by Antoine Vermette.
12:03 of 3rd period - Stopped by Cory Schneider without a rebound.
12:04 of 3rd period - Jamie Benn wins face-off versus Mike Fisher in Jets zone.
12:19 of 3rd period - Off-side.
12:20 of 3rd period - Mike Ribeiro wins face-off versus Joe Pavelski in neutral zone.
12:29 of 3rd period - Shot by Lee Stempniak.
12:29 of 3rd period - Shot Misses the Net.
12:41 of 3rd period - Shot by Mike Ribeiro.
12:41 of 3rd period - Shot Hit the Post.
12:43 of 3rd period - Shot by Dan Hamhuis.
12:43 of 3rd period - Stopped by Cory Schneider without a rebound.
12:44 of 3rd period - Mike Fisher wins face-off versus Jamie Benn in Jets zone.
12:44 of 3rd period - Niklas Kronwall is hit by Connor Murphy and loses puck.
12:56 of 3rd period - Corey Perry is hit by Carl Gunnarsson and loses puck.
13:07 of 3rd period - Shot by Anders Lee.
13:07 of 3rd period - Deflect By Corey Perry.
13:07 of 3rd period - Shot Blocked by Niklas Kronwall.
13:14 of 3rd period - Minor Penalty to Kimmo Timonen for Charging.
13:15 of 3rd period - Boyd Gordon wins face-off versus Jiri Hudler in Jets zone.
13:40 of 3rd period - Shot by Dan Hamhuis.
13:40 of 3rd period - Stopped by Cory Schneider without a rebound.
13:41 of 3rd period - Jussi Jokinen wins face-off versus Boyd Gordon in Jets zone.
13:42 of 3rd period - Shot by Antoine Vermette.
13:42 of 3rd period - Shot Misses the Net.
13:44 of 3rd period - Shot by Carl Gunnarsson.
13:44 of 3rd period - Stopped by Cory Schneider without a rebound.
13:45 of 3rd period - Boyd Gordon wins face-off versus Jussi Jokinen in Jets zone.
14:22 of 3rd period - Shot by Mike Fisher.
14:22 of 3rd period - Shot Misses the Net.
14:48 of 3rd period - Martin St. Louis is hit by Lee Stempniak and loses puck.
14:53 of 3rd period - Shot by Niklas Kronwall.
14:53 of 3rd period - Stopped by Cory Schneider with a rebound.
14:54 of 3rd period - Minor Penalty to Jonathan Ericsson for Hooking.
14:55 of 3rd period - Jiri Hudler wins face-off versus Boyd Gordon in Jets zone.
15:57 of 3rd period - Shot by Carl Gunnarsson.
15:57 of 3rd period - Shot Misses the Net.
16:05 of 3rd period - Shot by Carl Gunnarsson.
16:05 of 3rd period - Shot Blocked by Kimmo Timonen.
16:07 of 3rd period - Shot by Matt Irwin.
16:07 of 3rd period - Stopped by Cory Schneider with a rebound.
16:09 of 3rd period - Shot by Matt Irwin.
16:09 of 3rd period - Stopped by Cory Schneider with a rebound.
16:11 of 3rd period - Shot by Carl Gunnarsson.
16:11 of 3rd period - Stopped by Cory Schneider without a rebound.
16:12 of 3rd period - Jamie Benn wins face-off versus Alex Tanguay in Jets zone.
16:25 of 3rd period - Shot by Alex Tanguay.
16:25 of 3rd period - Shot Misses the Net.
16:27 of 3rd period - Shot by Niklas Kronwall.
16:27 of 3rd period - Stopped by Cory Schneider with a rebound.
16:29 of 3rd period - Shot by Niklas Kronwall.
16:29 of 3rd period - Shot Misses the Net.
17:01 of 3rd period - Jeff Petry is hit by Troy Brouwer.
17:07 of 3rd period - Jeff Petry is hit by Troy Brouwer and loses puck.
17:16 of 3rd period - Shot by David Jones.
17:16 of 3rd period - Stopped by Cory Schneider without a rebound.
17:17 of 3rd period - Jamie Benn wins face-off versus Mike Ribeiro in Jets zone.
17:42 of 3rd period - Shot by Mike Ribeiro.
17:42 of 3rd period - Shot Misses the Net.
18:21 of 3rd period - Off-side.
18:22 of 3rd period - Mike Fisher wins face-off versus Nick Bonino in neutral zone.
19:32 of 3rd period - Shot by Troy Brouwer.
19:32 of 3rd period - Shot Misses the Net.
19:35 of 3rd period - Icing by Jussi Jokinen.
19:36 of 3rd period - Jamie Benn wins face-off versus Jussi Jokinen in Blues zone.
19:45 of 3rd period - Shot by R.J. Umberger.
19:45 of 3rd period - Deflect By Alex Tanguay.
19:45 of 3rd period - Stopped by Cory Schneider without a rebound.
19:46 of 3rd period - Joe Pavelski wins face-off versus Mike Ribeiro in Jets zone.
19:46 of 3rd period - Joe Pavelski is hit by Lee Stempniak.
19:52 of 3rd period - Minor Penalty to Troy Brouwer for Hooking.
19:53 of 3rd period - Boyd Gordon wins face-off versus Jiri Hudler in Jets zone.
Goals for this period are 1 for Jets vs 1 for Blues.
Shots for this period are 9 for Jets vs 17 for Blues.

Overtime #1


0:01 of 1st overtime period - Boyd Gordon wins face-off versus Antoine Vermette in neutral zone.
0:29 of 1st overtime period - Shot by Antoine Vermette.
0:29 of 1st overtime period - Shot Misses the Net.
0:39 of 1st overtime period - Shot by Carl Gunnarsson.
0:39 of 1st overtime period - Shot Blocked by Andre Benoit.
0:58 of 1st overtime period - Off-side.
0:59 of 1st overtime period - Mike Fisher wins face-off versus Boyd Gordon in neutral zone.
2:46 of 1st overtime period - Shot by Mike Ribeiro.
2:46 of 1st overtime period - Shot Misses the Net.
2:48 of 1st overtime period - Shot by Dan Hamhuis.
2:48 of 1st overtime period - Stopped by Cory Schneider without a rebound.
2:49 of 1st overtime period - Antoine Vermette wins face-off versus Jamie Benn in Jets zone.
2:50 of 1st overtime period - Shot by Dan Hamhuis.
2:50 of 1st overtime period - Stopped by Cory Schneider with a rebound.
2:52 of 1st overtime period - Shot by Dan Hamhuis.
2:52 of 1st overtime period - Shot Misses the Net.
3:02 of 1st overtime period - Shot by Michael Frolik.
3:02 of 1st overtime period - Stopped by Cory Schneider without a rebound.
3:03 of 1st overtime period - Mike Fisher wins face-off versus Joe Pavelski in Jets zone.
3:06 of 1st overtime period - Shot by Mike Fisher.
3:06 of 1st overtime period - Shot Blocked by Connor Murphy.
3:08 of 1st overtime period - Shot by Lee Stempniak.
3:08 of 1st overtime period - Stopped by Cory Schneider without a rebound.
3:09 of 1st overtime period - Antoine Vermette wins face-off versus Jamie Benn in Jets zone.
3:26 of 1st overtime period - Shot by Jussi Jokinen.
3:26 of 1st overtime period - Stopped by Cory Schneider without a rebound.
3:27 of 1st overtime period - Joe Pavelski wins face-off versus Mike Fisher in Jets zone.
3:46 of 1st overtime period - Shot by Martin St. Louis.
3:46 of 1st overtime period - Goal by Martin St. Louis - Jets : 4 - Blues : 3.
Goals for this period are 1 for Jets vs 0 for Blues.
Shots for this period are 1 for Jets vs 5 for Blues.


Output by the SimonT Hockey Simulator (STHS) for Stephane Roy -- Original Page W3C XHTML 1.0 Valid
Hockey Simulator - Hockey Simulation - Hockey Manager